[ AOE2 MATCH · #473609285 ]
UnrankedSaracens vs Bengalis
[ REPLAY ANALYSIS · EXTRACTED FROM THE RECORDED GAME ]
Feudal
—
Castle
—
Imperial
—
| APM avg | 48.2 |
| APM peak | 62 |
| eAPM avg | 16.1 |
| Villagers / military | 13 / 0 |
Focus
⚔️ 17.2% · 🌾 82.8%
Feudal
—
Castle
—
Imperial
—
| APM avg | 82.9 |
| APM peak | 89 |
| eAPM avg | 16.9 |
| Villagers / military | 8 / 0 |
Focus
⚔️ 22.6% · 🌾 77.4%
Feudal
—
Castle
—
Imperial
—
| APM avg | 75.1 |
| APM peak | 82 |
| eAPM avg | 24.3 |
| Villagers / military | 7 / 0 |
Focus
⚔️ 30.0% · 🌾 70.0%
Feudal
—
Castle
—
Imperial
—
| APM avg | 55.6 |
| APM peak | 75 |
| eAPM avg | 16.1 |
| Villagers / military | 8 / 0 |
Focus
⚔️ 17.2% · 🌾 82.8%
Feudal
—
Castle
—
Imperial
—
| APM avg | 45.1 |
| APM peak | 52 |
| eAPM avg | 15.2 |
| Villagers / military | 9 / 0 |
Focus
⚔️ 3.8% · 🌾 96.2%
Feudal
—
Castle
—
Imperial
—
| APM avg | 58.2 |
| APM peak | 80 |
| eAPM avg | 15.2 |
| Villagers / military | 8 / 0 |
Focus
⚔️ 0.0% · 🌾 100.0%
Match map
Initial resources + every placement click. Lines = walls · curves = elevation contours. ◆ gold · ⬟ stone · ● berries · ✦ relic · ◌ wall gap
Your base
科学性咲恋's base
kazusa's base
Fireworks's base
FFF执行官's base
鹿乃子乃子虎视眈眈's base
Smoothed initial terrain · ◌ = detected wall gap · hover for details
Inputs per minute
— 钢铁直男 - - 科学性咲恋
Build order — 钢铁直男
9 actions detected in the replay
| 0:01 | Queue | Villager (Male) ×4 |
| 0:01 | Queue | Villager (Male) ×4 |
| 0:53 | Build | Lumber Camp |
| 1:02 | Queue | Villager (Male) |
| 1:28 | Queue | Villager (Male) |
| 1:28 | Queue | Villager (Male) |
| 1:58 | Build | House |
| 2:07 | Queue | Villager (Male) |
| 2:07 | Queue | Villager (Male) |
Build order — 科学性咲恋
10 actions detected in the replay
| 0:02 | Queue | Villager (Male) |
| 0:02 | Queue | Villager (Male) |
| 0:10 | Queue | Villager (Male) |
| 0:11 | Queue | Villager (Male) |
| 0:11 | Queue | Villager (Male) |
| 0:38 | Queue | Villager (Male) |
| 1:12 | Build | Lumber Camp |
| 1:22 | Queue | Villager (Male) |
| 1:41 | Queue | Villager (Male) |
| 1:50 | Build | House |
Build order — kazusa
11 actions detected in the replay
| 0:00 | Queue | Villager (Male) |
| 0:00 | Queue | Villager (Male) |
| 0:00 | Queue | Villager (Male) |
| 0:01 | Queue | Villager (Male) |
| 0:38 | Queue | Villager (Male) |
| 0:41 | Build | Mill |
| 0:46 | Build | Mill |
| 1:03 | Build | Lumber Camp |
| 1:21 | Queue | Villager (Male) |
| 1:21 | Queue | Villager (Male) |
| 1:55 | Build | House |
Build order — Fireworks
10 actions detected in the replay
| 0:00 | Queue | Villager (Male) |
| 0:00 | Queue | Villager (Male) |
| 0:09 | Queue | Villager (Male) |
| 0:23 | Queue | Villager (Male) |
| 0:36 | Build | Lumber Camp |
| 0:40 | Queue | Villager (Male) |
| 1:49 | Build | House |
| 1:51 | Queue | Villager (Male) |
| 1:52 | Queue | Villager (Male) |
| 1:52 | Queue | Villager (Male) |
Build order — FFF执行官
12 actions detected in the replay
| 0:02 | Queue | Villager (Male) |
| 0:02 | Queue | Villager (Male) |
| 0:02 | Queue | Villager (Male) |
| 0:05 | Build | House |
| 0:07 | Build | House |
| 0:39 | Queue | Villager (Male) |
| 0:39 | Queue | Villager (Male) |
| 0:55 | Build | Lumber Camp |
| 2:18 | Queue | Villager (Male) |
| 2:18 | Queue | Villager (Male) |
| 2:18 | Queue | Villager (Male) |
| 2:18 | Queue | Villager (Male) |
Build order — 鹿乃子乃子虎视眈眈
11 actions detected in the replay
| 0:01 | Queue | Villager (Male) |
| 0:01 | Queue | Villager (Male) |
| 0:01 | Queue | Villager (Male) |
| 0:02 | Queue | Villager (Male) |
| 0:34 | Build | Settlement |
| 0:41 | Queue | Villager (Male) |
| 0:41 | Queue | Villager (Male) |
| 0:50 | Queue | Villager (Male) |
| 1:22 | Build | House |
| 1:56 | Queue | Villager (Male) |
| 2:08 | Build | Settlement |
Match timeline
| 2:15 | Fireworks · resign |
[ AI ANALYSIS · 1 CREDIT ]
What really happened in this match?
Wolo.gg analyzes every decision: build order, eco, micro, common mistakes by bracket. Personalized analysis on WhatsApp or Discord in 30 seconds.
Civ guide
Saracens
Perfil
Jugador #223271